 Dungeon Crawl Stone Soup version 0.28-b1-70-g80dc712255 (webtiles) character file.

Game seed: 14952353893198413506

42 crazypyro the Skirmisher (level 3, -2/29 HPs)
             Began as a Demonspawn Fighter on Feb 3, 2022.
             Was a Follower of Qazlal.
             Slain by a river rat (6 damage)
             ... on level 3 of the Dungeon.
             The game lasted 00:01:37 (1596 turns).

crazypyro the Skirmisher (Demonspawn Fighter)       Turns: 1596, Time: 00:01:38

Health: -2/29      AC:  6    Str: 18    XL:     3   Next: 35%
Magic:  3/3        EV:  9    Int:  9    God:    Qazlal [*.....]
Gold:   81         SH:  6    Dex: 12    Spells: 2/2 levels left

rFire   . . .      SeeInvis .   a - +0 long sword
rCold   . . .      Faith    .   c - +0 buckler
rNeg    . . .      Spirit   .   b - +0 scale mail
rPois   .          Reflect  .   (no helmet)
rElec   .          Harm     .   (no cloak)
rCorr   .          Rampage  .   (no gloves)
Will    .....                   (no boots)
Stlth   ..........              (no amulet)
HPRegen 0.09/turn               (no ring)
MPRegen 0.08/turn               (no ring)

@: very slow
A: ignite blood 1
a: Renounce Religion


You were on level 3 of the Dungeon.
You worshipped Qazlal.
Qazlal was aware of your devotion.
You visited 1 branch of the dungeon, and saw 3 of its levels.

You collected 81 gold pieces.

Inventory:

Hand Weapons
 a - a +0 long sword (weapon)
Armour
 b - a +0 scale mail (worn)
 c - a +0 buckler (worn)
Scrolls
 e - a scroll of teleportation
 i - a scroll of fear {unknown}
 k - a scroll of noise {unknown}
Potions
 d - a potion of might
 f - 2 potions of curing {unknown}
 g - a potion of brilliance {unknown}
 j - a potion of mutation {unknown}


   Skills:
 - Level 3.3 Fighting
 + Level 2.3 Long Blades
 - Level 3.0 Armour
 * Level 0.5 Dodging
 - Level 3.0 Shields


You had 2 spell levels left.
You didn't know any spells.
Your spell library contained the following spells:

 Spells                   Type           Power      Damage    Failure   Level
 Scorch                   Fire           0%         2d5       94%         2
 Flame Wave               Conj/Fire      0%         2d4       100%        4
 Summon Cactus Giant      Summ           0%         N/A       100%        6


Dungeon Overview and Level Annotations

Branches:
Dungeon (3/15)

Altars:
Qazlal

Shops:
D:1 :

Portals:
Sewer: D:3


Innate Abilities, Weirdness & Mutations

Your demonic aura sometimes causes spilled blood to erupt in flames.


Message History

The ball python bites you but does no damage.
The ball python grabs you. The ball python constricts you.
The ball python bites you. The ball python constricts you.
You slash the ball python!
You kill the ball python!
Qazlal accepts your kill.
You hit the rat.
The rat is moderately wounded.
You block the rat's attack. The rat bites you but does no damage.
You slash the rat!
You kill the rat!
Qazlal accepts your kill.
You hear the slow rusting of a drain very nearby.
You block the rat's attack.
You barely miss the rat. The rat bites you but does no damage.
You hit the rat but do no damage. The rat bites you but does no damage.
You hit the rat.
You kill the rat!
Qazlal accepts your kill.
No target in view!
You enter the shallow water.
Moving in this stuff is going to be slow.
You open the large door.
A rat and 2 river rats come into view.
Found a glowing drain.
You hit the river rat but do no damage. You closely miss the river rat.
The river rat closely misses you. The rat completely misses you.
Your unstable footing causes you to fumble your attack.
Your unstable footing causes you to fumble your attack.
The river rat closely misses you. The river rat bites you.
The river rat barely misses you.
Your unstable footing causes you to fumble your attack.
The river rat bites you. The river rat misses you. The rat barely misses you.
You hit the river rat but do no damage. The river rat bites you!
You block the river rat's attack. The rat barely misses you.
The river rat bites you.
* * * LOW HITPOINT WARNING * * *
The river rat bites you.
You die...

##.## #..#
##.##
#†.##
####.†####
#........#
#.....≈≈.#
#...≈..≈≈#
#..≈≈≈r@≈#
#..≈≈##rr#
#.≈≈≈#≈≈≈#
#.≈≈≈#≈∩≈#
#..≈≈#≈≈≈#
##########


You could see 2 river rats and a rat.

Vanquished Creatures
  A dart slug (D:1)
  5 bats
  4 endoplasms
  5 goblins
  A hobgoblin (D:1)
  2 quokkas
  4 ball pythons
  7 frilled lizards
  8 kobolds
  4 rats
41 creatures vanquished.

Vanquished Creatures (others)
  9 plants (D:1)
9 creatures vanquished.

Grand Total: 50 creatures vanquished

Notes
Turn   | Place    | Note
-------+----------+-------------------------------------------
     0 | D:1      | crazypyro the Demonspawn Fighter began the quest for the
                  | Orb.
     0 | D:1      | Reached XP level 1. HP: 18/18 MP: 1/1
   134 | D:1      | Gained mutation: Your demonic aura sometimes causes spilled
                  | blood to erupt in flames. [demonic ancestry]
   134 | D:1      | Reached XP level 2. HP: 23/24 MP: 2/2
   565 | D:1      | Found Hemaunum's Book Shoppe.
   875 | D:2      | Reached XP level 3. HP: 29/29 MP: 3/3
   973 | D:2      | Found a faded altar of an unknown god.
   988 | D:2      | Prayed at the altar of an unknown god.
   988 | D:2      | Became a worshipper of Qazlal Stormbringer
   988 | D:2      | Reached * piety under Qazlal
  1590 | D:3      | Found a glowing drain.
  1596 | D:3      | Slain by a river rat

Illustrated notes

Levels and vault maps discovered:
D:1:      dpeg_arrival_line_fractal, layout_loops_ring, serial_shops,
          nicolae_shop_window_shopping, lexackson_kobold_supper
D:2:      layout_basic, hellmonk_ecumenical_altar_arch_garden
D:3:      layout_loops_ring, portal_sewer_entry_e, patterned_corridor,
          uniq_robin

Skill      XL: |  1  2 |
---------------+-------+-----
Long Blades    | 2 |  2.3
Armour         | 3 |  3.0
Shields        | 3 |  3.0
Fighting       | |  3.3
Dodging        | |  0.5

Action                   || total
-------------------------++-------
Melee: Long sword        ||   106
  Use: Scroll            ||     2
Armor: Scale mail        ||    59
Dodge: Dodged            ||    56
Block: Buckler           ||    29
